 Dungeon Crawl Stone Soup version 0.23-a0-4-g8f018a2 (webtiles) character file.

80 DadFather the Poker (level 4, -1/34 HPs)
             Began as a Merfolk Skald on July 31, 2018.
             Slain by Crazy Yiuf
             ... wielding a +4 quarterstaff of chaos
              (19 damage)
             ... on level 2 of the Dungeon.
             The game lasted 00:12:20 (2445 turns).

DadFather the Poker (Merfolk Skald)                 Turns: 2445, Time: 00:12:20

Health: -1/34      AC:  3    Str: 12    XL:     4   Next: 39%
Magic:  5/7        EV: 13    Int: 12    God:
Gold:   97         SH:  0    Dex: 13    Spells: 3/8 levels left

rFire    . . .     SeeInvis .   a - +0 spear
rCold    . . .     Gourm    .   (no shield)
rNeg     . . .     Faith    .   b - +0 leather armour
rPois    .         Spirit   .   (no helmet)
rElec    .         Reflect  .   (no cloak)
rCorr    .         Harm     .   (no gloves)
MR       .....                  (no boots)
Stlth    +.........             (no amulet)
HPRegen  0.11/turn              (no ring)
MPRegen  0.10/turn              (no ring)

@: very slightly contaminated, invisible
A: change form in water, swift swim, stealthy swim
a: no special abilities


You were on level 2 of the Dungeon.
You were not hungry.

You visited 1 branch of the dungeon, and saw 2 of its levels.

You collected 97 gold pieces.

Inventory:

Hand Weapons
 a - a +0 spear (weapon)
Missiles
 h - 92 stones (quivered)
Armour
 b - a +0 leather armour (worn)
 l - a +0 ring mail
Jewellery
 g - a cursed ring of teleportation {unknown}
 s - a +3 ring of dexterity {unknown}
Scrolls
 c - a scroll of fear {unknown}
 i - 2 scrolls of identify {unknown}
 k - 3 scrolls of noise {unknown}
 n - a scroll of remove curse {unknown}
 r - a scroll of amnesia {unknown}
Potions
 e - a potion of mutation {unknown}
 f - a potion of degeneration {unknown}
 j - a potion of invisibility {unknown}
 m - a potion of magic {unknown}
 o - a potion of brilliance {unknown}
 q - 2 potions of curing {unknown}
 t - a potion of cancellation {unknown}
Comestibles
 d - 5 rations
 p - a chunk of flesh


   Skills:
 + Level 2.9 Fighting
 * Level 4.1 Polearms
 - Level 0.6 Armour
 + Level 3.6 Dodging
 + Level 2.5 Spellcasting
 + Level 3.7 Charms


You had 3 spell levels left.
You knew the following spells:

 Your Spells              Type           Power        Failure   Level  Hunger
a - Infusion              Chrm           ##..         7%          1    #......
b - Song of Slaying       Chrm           ##......     11%         2    ###....
c - Shroud of Golubria    Chrm/Tloc      #.........   22%         2    ###....

Your spell library contained the following spells:

 Spells                   Type           Power        Failure   Level  Hunger
 Regeneration             Chrm/Necr      #.........   41%         3    ###....
 Spectral Weapon          Hex/Chrm       #.......     41%         3    ###....


Dungeon Overview and Level Annotations

Branches:
Dungeon (2/15)

Altars:
Ru

Annotations:
D:2 Crazy Yiuf


Message History

You are very lightly contaminated with residual magic.
You closely miss Crazy Yiuf. You hit Crazy Yiuf.
Crazy Yiuf is lightly wounded.
Crazy Yiuf barely misses you.
You hit Crazy Yiuf.
Crazy Yiuf is moderately wounded.
Crazy Yiuf hits you with a quarterstaff of chaos.
You catch the helpless Crazy Yiuf completely off-guard!
You hit Crazy Yiuf.
Crazy Yiuf is heavily wounded.
Crazy Yiuf barely misses you.
You closely miss Crazy Yiuf.
Crazy Yiuf is heavily wounded.
Crazy Yiuf misses you.
You hit Crazy Yiuf.
Crazy Yiuf is heavily wounded.
Crazy Yiuf hits you with a quarterstaff of chaos!!
Ouch! That really hurt!
You die...

#.#############....#
#.# #....# #.#
♣....♣ #.# ♣♣...♣
#.# ♣♣.♣♣ #.######
♣♣.♣ #......## ♣.♣♣
........#### ♣♣.♣
######.....# ♣@♣♣
##.#### #g# #.# ...
#.# #...# #.# #)..#
#.# ##### #.# ##
##.# .# #..#


You could see Crazy Yiuf.

Vanquished Creatures
  2 adders (D:2)
  An ooze (D:1)
  A worm (D:2)
  3 dart slugs
  7 bats
  A giant cockroach (D:1)
  7 goblins
  6 hobgoblins
  2 jackals (D:2)
  A ball python (D:2)
  3 frilled lizards (D:1)
  7 kobolds
  6 rats
47 creatures vanquished.

Notes
Turn   | Place    | Note
-------+----------+-------------------------------------------
     0 | D:1      | DadFather the Merfolk Skald began the quest for the Orb.
     0 | D:1      | Reached XP level 1. HP: 16/16 MP: 3/3
   251 | D:1      | Reached XP level 2. HP: 23/23 MP: 5/5
   277 | D:1      | Learned a level 2 spell: Song of Slaying
   280 | D:1      | Learned a level 2 spell: Shroud of Golubria
   658 | D:1      | Reached XP level 3. HP: 21/28 MP: 4/6
  1744 | D:2      | Reached XP level 4. HP: 34/34 MP: 4/7
  1833 | D:2      | Reached skill level 4 in Polearms
  1837 | D:2      | Found a sacrificial altar of Ru.
  1923 | D:2      | Found a runed door.
  2436 | D:2      | Noticed Crazy Yiuf
  2445 | D:2      | Slain by Crazy Yiuf

Vault maps used:
D:1:      wheals_arrival_shading, eino_curves_03, serial_bayou_lagoon_a
D:2:      overflow_temple_1_default, uniq_crazy_yiuf_cottage

Skill      XL: |  1  2  3  4 |
---------------+-------------+-----
Dodging        | 3 |  3.6
Polearms       | 4 |  4.1
Fighting       | |  2.9
Armour         | |  0.6
Spellcasting   | |  2.5
Charms         | |  3.7

Action                   |  1- 3 |  4- 6 || total
-------------------------+-------+-------++-------
Melee: Spear             |   152 |    78 ||   230
       Tailslap          |     1 |       ||     1
 Cast: Infusion          |     2 |       ||     2
       Shroud of Golubri |     7 |     4 ||    11
       Song of Slaying   |     1 |       ||     1
 Stab: Invisible         |       |     1 ||     1
  Eat: Chunk             |     3 |     3 ||     6
Armor: Leather armour    |    25 |     7 ||    32
Dodge: Dodged            |    79 |    40 ||   119

Table legend:
 A = Spawn XP
 B = Non-spawn XP
 C = Spawn XP percentage of total XP
 D = Spawn monster count
 E = Non-spawn monster count
 F = Spawn count percentage of total count
 G = Total turns spent on level
                    A         B        C        D         E        F      G
               +---------+---------+-------+---------+---------+-------+---------
         Total |       0 |     115 |   0.0 |       0 |      47 |   0.0 |  2445
               +---------+---------+-------+---------+---------+-------+---------
           D:1 |       0 |      54 |   0.0 |       0 |      29 |   0.0 |  1095
           D:2 |       0 |      61 |   0.0 |       0 |      18 |   0.0 |  1350
               +---------+---------+-------+---------+---------+-------+---------
